 Dungeon Crawl Stone Soup version 0.18-b1-22-ge198996 (webtiles) character file.

3446 Heskey the Fighter (level 10, 0/177 HPs)
             Began as an Ogre Berserker on Apr 30, 2016.
             Was an Elder of Trog.
             Slain by a killer bee (2 damage)
             ... on level 7 of the Dungeon on May 3, 2016.
             The game lasted 00:34:35 (12263 turns).

Heskey the Fighter (Ogre Berserker)                Turns: 12263, Time: 00:34:36

Health: 0/177      AC:  4    Str: 32    XL:     10   Next: 6%
Magic:  10/10      EV: 12    Int:  6    God:    Trog [****..]
Gold:   416        SH:  3    Dex:  9    Spells: 0 memorised, 9 levels left

rFire  . . .     SeeInvis .     l - +0 giant spiked club
rCold  . . .     Gourm    .     b - +0 animal skin
rNeg   . . .     Faith    .     (shield currently unavailable)
rPois  .         Spirit   .     (helmet restricted)
rElec  .         Dismiss  .     o - +0 cloak
rCorr  .         Reflect  +     (gloves unavailable)
SustAt +         Harm     .     (boots unavailable)
MR     +....                    m - +3 amulet of reflection
Stlth  ..........               (no ring)
                                f - ring of sustain attributes

@: berserking (expiring), lethally poisoned (0 -> -8), very quick, somewhat
resistant to hostile enchantments, extremely unstealthy
A: unfitting armour, horns 1, tough skin 1, wild magic 1
a: Berserk, Trog's Hand, Brothers in Arms, Burn Spellbooks, Renounce Religion


You were on level 7 of the Dungeon.
You worshipped Trog.
Trog was greatly pleased with you.
You were not hungry.

You visited 1 branch of the dungeon, and saw 7 of its levels.

You collected 416 gold pieces.

Inventory:

Hand Weapons
 l - a +0 giant spiked club (weapon)
Armour
 b - a +0 animal skin (worn)
 o - a +0 cloak (worn)
Jewellery
 f - a ring of sustain attributes (left hand)
 m - a +3 amulet of reflection (around neck)
Wands
 j - a wand of enslavement (15/24)
Scrolls
 c - a scroll of fog
 e - 4 scrolls of identify
 h - 3 scrolls of teleportation
 n - a scroll of fear
Potions
 a - a potion of might
 k - 2 potions of curing
Comestibles
 d - a beef jerky
 g - a bread ration


   Skills:
 * Level 12.9 Fighting
 + Level 10.0 Maces & Flails
 + Level 7.0 Dodging


You had 9 spell levels left.
You didn't know any spells.

Dungeon Overview and Level Annotations

Branches:
Dungeon (7/15)             Temple (0/1) D:4

Altars:
Gozag
Sif Muna
Trog

Shops:
D:5 }   D:7 =

Annotations:
D:3 Blork the orc


Innate Abilities, Weirdness & Mutations

You are too large for most types of armour.
You have tough skin (AC +1).
You have a pair of small horns on your head.
Your spells are a little harder to cast, but a little more powerful.


Message History

The killer bee barely misses you.
You sock the killer bee!
You feel the power of Trog in you as your rage grows.
You kill the killer bee!
Trog accepts your kill.
Your Dodging skill increases to level 7!
* * * LOW HITPOINT WARNING * * *
You feel sick.
You are too berserk!
You sock the killer bee! Your headbutt misses the killer bee.
The killer bee is severely wounded.
* * * LOW HITPOINT WARNING * * *
You feel sick. The killer bee stings you.
* * * LOW HITPOINT WARNING * * *
You block the killer bee's attack.
You closely miss the killer bee.
The killer bee is severely wounded.
* * * LOW HITPOINT WARNING * * *
You feel sick. You block the killer bee's attack. The killer bee stings you.
You die...

#.#.####..###.#.#
#.#.#..)....#.#.####
#.#.#.##..#........#
#<#.(<..........>#.#
#..)...............#
#####.########.y.#.#############
#.# ##y##.............# #.#
#y########.#####.# #.# #@# #.#
#.# ##.## ##'## #.# #.# #...#
##...## #.# #.# #...# ##.....##
#.#####.# #...# ##.......##
#.......#
##..<####.........####...##.##
#.......'.........'...........
##...####.........####...##.##
##..# ##.......## ##.###.#


You could see 3 killer bees.

Vanquished Creatures
  The ghost of skk the Ducker, a novice MiCK of Xom (D:5)
  A hippogriff (D:7)
  2 orc warriors
  A sky beast (D:4)
  A necrophage (D:7)
  3 ice beasts
  3 ogres
  A phantom (D:4)
  3 centaurs
  5 giant frogs
  A scorpion (D:4)
  A killer bee (D:7)
  A howler monkey (D:7)
  8 wights
  A crimson imp (D:7)
  A jelly (D:6)
  2 quasits (D:7)
  5 orc priests
  A giant frog skeleton (D:6)
  Jessica (D:2)
  An iguana (D:5)
  6 orc wizards
  3 worker ants
  3 hound skeletons
  A howler monkey zombie (D:7)
  A worker ant zombie (D:5)
  8 gnolls
  8 adders
  2 shadow imps (D:6)
  An ooze (D:6)
  An adder skeleton (D:6)
  An adder zombie (D:6)
  7 worms
  2 dart slugs (D:1)
  5 giant geckos
  31 orcs
  8 giant cockroaches
  7 goblins
  8 hobgoblins
  10 jackals
  10 kobolds
  4 quokkas
  A ball python (D:5)
  5 bats
  2 giant gecko skeletons
  4 giant newts
  3 quokka skeletons (D:5)
  5 rats
191 creatures vanquished.

Notes
Turn   | Place    | Note
--------------------------------------------------------------
     0 | D:1      | Heskey the Ogre Berserker began the quest for the Orb.
     0 | D:1      | Reached XP level 1. HP: 24/24 MP: 1/1
   262 | D:1      | Reached XP level 2. HP: 24/32 MP: 2/2
   858 | D:1      | Reached XP level 3. HP: 37/40 MP: 3/3
   967 | D:2      | Reached ** piety under Trog
  1041 | D:2      | Noticed Jessica
  1048 | D:2      | Killed Jessica
  1048 | D:2      | Reached skill level 5 in Fighting
  1048 | D:2      | Reached XP level 4. HP: 31/50 MP: 4/4
  1713 | D:3      | Noticed an ice beast
  1980 | D:3      | Killed an ice beast
  1980 | D:3      | Reached skill level 6 in Fighting
  1980 | D:3      | Reached skill level 5 in Maces & Flails
  1980 | D:3      | Reached XP level 5. HP: 21/61 MP: 5/5
  2176 | D:3      | Found a deep blue altar of Sif Muna.
  2176 | D:3      | Noticed Blork the orc
  2252 | D:3      | HP: 2/61 [hobgoblin/club (2)]
  2521 | D:3      | Reached XP level 6. HP: 62/68 MP: 6/6
  2909 | D:3      | Noticed a moth of wrath
  2919 | D:3      | Reached *** piety under Trog
  3033 | D:3      | Reached skill level 7 in Fighting
  3653 | D:3      | Found a bloodstained altar of Trog.
  4189 | D:4      | Noticed a sky beast
  4213 | D:4      | Killed a sky beast
  4213 | D:4      | Reached XP level 7. HP: 13/79 MP: 7/7
  4228 | D:4      | Gained mutation: You are frail (-10% HP). [mutagenic meat]
  4229 | D:4      | Gained mutation: You are very frail (-20% HP). [mutagenic meat]
  4231 | D:4      | Gained mutation: Armour fits poorly on your strangely shaped body. [mutagenic meat]
  4232 | D:4      | Lost mutation: You are very frail (-20% HP). [mutagenic meat]
  4907 | D:4      | Found a staircase to the Ecumenical Temple.
  5022 | D:4      | Reached skill level 8 in Fighting
  5831 | D:5      | Entered Level 5 of the Dungeon
  5831 | D:5      | Noticed skk's ghost (novice MiCK)
  6462 | D:4      | Reached skill level 9 in Fighting
  6462 | D:4      | Reached XP level 8. HP: 42/82 MP: 6/8
  6705 | D:5      | Killed skk's ghost
  6705 | D:5      | Reached skill level 5 in Dodging
  6713 | D:5      | Upgraded the game from 0.18-b1-14-g029dad2 to 0.18-b1-18-g7758cf2
  6900 | D:5      | Found Zoiwn's Gadget Boutique.
  7274 | D:5      | Reached skill level 10 in Fighting
  7430 | D:5      | HP: 1/83 [ice beast (12)]
  7480 | D:5      | Gained mutation: You have sharp toenails. [potion of beneficial mutation]
  8012 | D:5      | Upgraded the game from 0.18-b1-18-g7758cf2 to 0.18-b1-22-ge198996
  8644 | D:5      | Reached XP level 9. HP: 10/91 MP: 9/9
  9122 | D:6      | Reached skill level 11 in Fighting
  9576 | D:6      | Reached **** piety under Trog
  9662 | D:6      | Lost mutation: You have sharp toenails. [potion of cure mutation]
  9662 | D:6      | Lost mutation: You are frail (-10% HP). [potion of cure mutation]
  9662 | D:6      | Lost mutation: Armour fits poorly on your strangely shaped body. [potion of cure mutation]
 10627 | D:7      | Reached skill level 12 in Fighting
 11619 | D:7      | Gained mutation: Your spells are a little harder to cast, but a little more powerful. [potion of beneficial mutation]
 11620 | D:7      | Gained mutation: You have a pair of small horns on your head. [potion of beneficial mutation]
 11639 | D:7      | Found an opulent altar of Gozag.
 11678 | D:7      | Found Wuowago's Jewellery Emporium.
 11919 | D:7      | Reached XP level 10. HP: 118/118 MP: 10/10
 12038 | D:7      | Reached skill level 10 in Maces & Flails
 12260 | D:7      | HP: 8/177 [poisoned by a killer bee]
 12262 | D:7      | HP: 2/177 [killer bee (4)]
 12263 | D:7      | Slain by a killer bee

Skill      XL: |  1  2  3  4  5  6  7  8  9 10 |
---------------+-------------------------------+-----
Dodging        | 3 4 5 6 7 |  7.0
Fighting       | 5 6 7 9 10 12 | 12.9
Maces & Flails | 5 6 8 9 10 | 10.0

Action                   |  1- 3 |  4- 6 |  7- 9 | 10-12 || total
-------------------------+-------+-------+-------+-------++-------
Melee: Mace              |    73 |   190 |       |       ||   263
       Flail             |       |    29 |    45 |       ||    74
       Morningstar       |       |       |   220 |       ||   220
       Kick              |       |       |    32 |       ||    32
       Giant spiked club |       |       |   136 |    37 ||   173
       Headbutt          |       |       |     4 |     4 ||     8
Invok: Berserk           |       |     3 |     4 |     1 ||     8
       Trog's Hand       |       |     1 |     1 |       ||     2
       Burn Spellbooks   |       |       |     1 |       ||     1
Evoke: Wand              |       |       |     1 |       ||     1
  Use: Scroll            |     3 |     4 |     9 |       ||    16
       Potion            |       |     2 |    11 |       ||    13
  Eat: Chunk             |       |     9 |     8 |     2 ||    19
       Bread ration      |       |     1 |     3 |       ||     4
       Meat ration       |       |     1 |     1 |       ||     2
       Pizza             |       |       |     1 |       ||     1
       Fruit             |       |       |     3 |       ||     3
Armor: Animal skin       |    26 |    52 |    84 |     8 ||   170
Dodge: Dodged            |    58 |    82 |   260 |    26 ||   426
Block: Other             |       |    22 |    57 |     7 ||    86
       Reflection        |       |       |     3 |       ||     3
